 Dungeon Crawl Stone Soup version 0.17-a0-1945-gfe993df (webtiles) character file.

60 Kusio the Chopper (level 3, -2/43 HPs)
             Began as a Demonspawn Chaos Knight on Sept 30, 2015.
             Slain by Sigmund
             ... wielding a +0 scythe
              (4 damage)
             ... on level 2 of the Dungeon.
             The game lasted 00:04:33 (1418 turns).

Kusio the Chopper (Demonspawn Chaos Knight)         Turns: 1418, Time: 00:04:33

Health: -2/43      AC: 21    Str: 12    XL:     3   Next: 80%
Magic:  3/3        EV:  2    Int: 13    God:    Xom [.*....]
Gold:   46         SH:  0    Dex: 13    Spells: 0 memorised, 2 levels left

rFire  . . .     SeeInvis .     a - +0 hand axe (chaos)
rCold  . . .     Clarity  .     (armour currently unavailable)
rNeg   + + +     SustAt   .     (no shield)
rPois  +         Gourm    .     (helmet currently unavailable)
rElec  .         Spirit   .     (cloak currently unavailable)
rCorr  .         Warding  .     (gloves currently unavailable)
rMut   .         NoTele   +     (boots currently unavailable)
MR     .....                    (no amulet)
Stlth  +.........               (no ring)
                                e - ring of wizardry

@: tree-form, not resistant to hostile enchantments, very unstealthy
A: (hooves 0), rot immunity
a: Renounce Religion


You were on level 2 of the Dungeon.
You worshipped Xom.
You were a plaything of Xom.
You were not hungry.
You were a tree.
You visited 1 branch of the dungeon, and saw 2 of its levels.

You collected 46 gold pieces.

Inventory:

Hand weapons
 a - a +0 hand axe of chaos (weapon)
Armour
 b - a +2 leather armour (melded)
Jewellery
 e - a ring of wizardry (left branch)
Magical devices
 i - a wand of invisibility (5)
Scrolls
 f - a scroll of remove curse
 h - 3 scrolls of identify
 j - a scroll of magic mapping
 l - a scroll of teleportation {unknown}
Comestibles
 c - 2 bread rations
 g - a meat ration


   Skills:
 - Level 3.0 Fighting
 + Level 4.3 Axes
 - Level 1.7 Armour
 - Level 0.8 Dodging


You had 2 spell levels left.
You didn't know any spells.

Dungeon Overview and Level Annotations

Branches:
Dungeon (2/15)

Altars:

Annotations:
D:2 Sigmund


Innate Abilities, Weirdness & Mutations

((You have large cloven feet.))
You are immune to rotting.


Message History

Sigmund hits you but does no damage.
* * * LOW HITPOINT WARNING * * *
You feel sick. Sigmund hits you but does no damage.
Sigmund hits you but does no damage. Sigmund hits you but does no damage.
* * * LOW HITPOINT WARNING * * *
You feel sick. Sigmund hits you but does no damage.
Sigmund hits you but does no damage. Sigmund hits you but does no damage.
* * * LOW HITPOINT WARNING * * *
You feel sick.
You are no longer poisoned.
Sigmund hits you but does no damage. Sigmund hits you but does no damage.
Sigmund gestures at you while chanting. You resist with significant effort.
Sigmund barely misses you.
Sigmund hits you from afar with a scythe.
You die...
Xom laughs nastily!

###### ***** .....# *,,,*
.###.# *,*,* .##..# *,*,*
.##.######################.#.*
.#8.8#.^........♣.@..........**
............#########..$.#.#,,*
.#8)8#+.....# #....#+*,,**
.##.###.....#######
#........,,* ....#
#...........# #........,,**
.#### #...........#
#........,,,, ## #...........#
#....#+##*,,, #...........#
######,*,,,,,
###.........#*******,**,,,,


You could see Sigmund.

Vanquished Creatures
  An adder (D:2)
  2 oozes (D:1)
  A worm (D:2)
  A giant gecko (D:1)
  2 bats (D:2)
  8 goblins
  5 hobgoblins
  2 jackals (D:1)
  5 kobolds
  2 giant cockroaches (D:1)
  A giant newt (D:2)
  7 rats
37 creatures vanquished.

Notes
Turn   | Place    | Note
--------------------------------------------------------------
     0 | D:1      | Kusio the Demonspawn Chaos Knight began the quest for the Orb.
     0 | D:1      | Reached XP level 1. HP: 18/18 MP: 1/1
   122 | D:1      | XOM: divination: detect items
   155 | D:1      | XOM: harmless Divn miscast
   196 | D:1      | XOM: enchant monster (good)
   199 | D:1      | Gained mutation: You are immune to rotting. [demonic ancestry]
   199 | D:1      | Reached XP level 2. HP: 24/24 MP: 2/2
   235 | D:1      | XOM: divination: detect items
   361 | D:1      | XOM: silly message
   543 | D:1      | XOM: divination: detect creatures
   602 | D:1      | Gained mutation: You have large cloven feet. [demonic ancestry]
   602 | D:1      | Reached XP level 3. HP: 13/29 MP: 3/3
   684 | D:1      | XOM: harmless Chrm miscast
   748 | D:2      | Noticed Sigmund
   757 | D:2      | XOM: butterfly on damage
   766 | D:2      | HP: 1/29 [something (10)]
  1113 | D:2      | XOM: colour smoke trail
  1173 | D:2      | Reached skill level 4 in Axes
  1375 | D:2      | XOM: mild Conj miscast
  1400 | D:2      | HP: 2/43 [poisoned by an adder]
  1408 | D:2      | HP: 2/43 [poisoned by an adder]
  1418 | D:2      | Slain by Sigmund

Vault maps used:
D:1:      dpeg_arrival_brainrot
D:2:      small_statue_intersection, uniq_sigmund

Action                   || total
-------------------------++-------
Melee: Hand axe          ||   124
  Use: Potion            ||     4
       Scroll            ||     2
 Stab: Petrifying        ||     1
  Eat: Chunk             ||     2
